 Dungeon Crawl Stone Soup version 0.29-a0-334-gb41bcbb86e (webtiles) character file.

Game seed: 17097811482130194367

228 dracfodder the Bolt Thrower (level 5, -2/42 HPs)
             Began as a Minotaur Hunter on Apr 14, 2022.
             Slain by an ice beast (5 damage)
             ... on level 3 of the Dungeon.
             The game lasted 00:06:39 (2756 turns).

dracfodder the Bolt Thrower (Minotaur Hunter)       Turns: 2756, Time: 00:06:40

Health: -2/42      AC:  4    Str: 21    XL:     5   Next: 71%
Magic:  4/4        EV: 12    Int:  6    God:
Gold:   156        SH:  0    Dex: 16    Spells: 4/4 levels left

rFire   . . .      SeeInvis .   a - +1 hand crossbow
rCold   . . .      Faith    .   (no shield)
rNeg    . . .      Spirit   .   b - +0 leather armour
rPois   .          Reflect  .   (helmet restricted)
rElec   .          Harm     .   h - scarf {repulsion}
rCorr   .          Rampage  .   m - +0 pair of gloves
Will    .....                   (no boots)
Stlth   +.........              (no amulet)
HPRegen 0.14/turn               k - +6 ring of strength
MPRegen 0.09/turn               (no ring)

@: repel missiles
A: horns 2, retaliatory headbutt
a: no special abilities


You were on level 3 of the Dungeon.
You visited 1 branch of the dungeon, and saw 3 of its levels.

You collected 156 gold pieces.

Inventory:

Hand Weapons
 a - a +1 hand crossbow (weapon)
Armour
 b - a +0 leather armour (worn)
 h - a scarf of repulsion (worn)
 m - a +0 pair of gloves (worn)
Jewellery
 k - a +6 ring of strength (left hand)
Scrolls
 c - 3 scrolls of immolation
 i - 2 scrolls of identify {unknown}
 l - a scroll of summoning {unknown}
 n - a scroll of teleportation {unknown}
 o - a scroll of vulnerability {unknown}
 s - a scroll of noise {unknown}
Potions
 d - 2 potions of brilliance {unknown}
 e - 3 potions of heal wounds {unknown}
 f - a potion of resistance {unknown}
 g - a potion of flight {unknown}
 j - 2 potions of attraction {unknown}
 p - 3 potions of curing {unknown}
 q - a potion of degeneration {unknown}
 r - a potion of lignification {unknown}


   Skills:
 - Level 2.4 Fighting
 + Level 7.7 Crossbows
 - Level 2.1 Dodging
 - Level 0.7 Stealth


You had 4 spell levels left.
You didn't know any spells.
Your spell library contained the following spells:

 Spells                   Type           Power      Damage    Failure   Level
 Scorch                   Fire           0%         2d5       65%         2
 Conjure Flame            Conj/Fire      0%         6-21      86%         3
 Ignite Poison            Fire/Tmut/Pois 0%         N/A       86%         3
 Portal Projectile        Hex/Tloc       0%         N/A       86%         3
 Flame Wave               Conj/Fire      0%         2d4       99%         4
 Sticky Flame             Conj/Fire      0%         2d3       99%         4
 Blade Hands              Tmut           0%         N/A       100%        5
 Excruciating Wounds      Necr           0%         N/A       100%        5
 Summon Cactus Giant      Summ           0%         N/A       100%        6


Dungeon Overview and Level Annotations

Branches:
Dungeon (3/15)

Altars:


Innate Abilities, Weirdness & Mutations

You have a pair of horns on your head.
You reflexively headbutt those who attack you in melee.


Message History

You shoot a bolt. The bolt misses Natasha.
Natasha casts a spell at you. You resist with some effort.
You shoot a bolt. The bolt hits Natasha.
You kill Natasha!
You feel Natasha's spirit has finally been put to rest.
An ice beast comes into view.
You shoot a bolt. The bolt hits the ice beast.
The ice beast is lightly wounded.
You shoot a bolt. The bolt hits the ice beast.
The ice beast is moderately wounded.
You shoot a bolt. The bolt hits the ice beast.
The ice beast is heavily wounded.
You shoot a bolt. The bolt hits the ice beast.
The ice beast is severely wounded.
You shoot a bolt. The bolt hits the ice beast.
The ice beast is severely wounded.
The ice beast hits you. The ice beast freezes you!
You shoot a bolt. The bolt closely misses the ice beast.
The ice beast hits you. The ice beast freezes you!
You are too injured to fight recklessly!
You are too injured to fight recklessly!
You are too injured to fight recklessly!
Shoot: a) +1 hand crossbow
Press: ? - help, Q - select action Shift-Dir - straight line, f/p - ice beast
Aim: an ice beast (severely wounded, 66% to hit)
You shoot a bolt. The bolt closely misses the ice beast.
The ice beast hits you but does no damage.
Shoot: a) +1 hand crossbow
Press: ? - help, Q - select action Shift-Dir - straight line, f/p - ice beast
Aim: an ice beast (severely wounded, 66% to hit)
You shoot a bolt.
The bolt hits the ice beast but does no damage.
The ice beast is severely wounded.
The ice beast hits you. The ice beast freezes you!
* * * LOW HITPOINT WARNING * * *
The ice beast hits you.
* * * LOW HITPOINT WARNING * * *
The ice beast freezes you.
You die...

.. .. # #. ##+## # #.
##...### #. ###
##.....## #.##.##
##.......#
####Y#...####...>.....
#....@.....†'.........
#.##.#....###.........
#.##.#.# ##.......# .#
###.# ##..[..## .# #.#
##...## .# #.# ##'##
#. #.# #.# #
###.###.#######.# #
................##..


You could see an ice beast.

Vanquished Creatures
  A jelly (D:3)
  Natasha (thrice) (D:3)
  An iguana (D:3)
  2 adders
  3 dart slugs
  A worm (D:2)
  5 orcs
  7 ball pythons
  9 endoplasms
  2 giant cockroaches
  5 hobgoblins
  9 kobolds
  4 quokkas
  6 bats
  2 frilled lizards (D:1)
  4 goblins (D:1)
  5 rats
69 creatures vanquished.

Notes
Turn   | Place    | Note
-------+----------+-------------------------------------------
     0 | D:1      | dracfodder the Minotaur Hunter began the quest for the Orb.
     0 | D:1      | Reached XP level 1. HP: 18/18 MP: 0/0
   321 | D:1      | Reached XP level 2. HP: 25/25 MP: 1/1
   349 | D:1      | Reached skill level 5 in Crossbows
  1035 | D:2      | Reached XP level 3. HP: 30/30 MP: 2/2
  1458 | D:2      | Reached skill level 6 in Crossbows
  2017 | D:3      | Reached XP level 4. HP: 37/37 MP: 3/3
  2326 | D:3      | Noticed Natasha
  2330 | D:3      | Killed Natasha
  2331 | D:3      | Reached skill level 7 in Crossbows
  2331 | D:3      | Reached XP level 5. HP: 42/42 MP: 4/4
  2522 | D:3      | Noticed Natasha
  2524 | D:3      | Killed Natasha
  2687 | D:3      | Noticed Natasha
  2693 | D:3      | Killed Natasha
  2748 | D:3      | Noticed an ice beast
  2756 | D:3      | Slain by an ice beast

Illustrated notes

Levels and vault maps discovered:
D:1:      dpeg_arrival_tiny_j, layout_loops_corners,
          ebering_dispersal_statue_hall
D:2:      layout_loops_corners, st_stairs_13, grunt_decor_junction,
          hangedman_decor_lopped
D:3:      layout_loops_corners, kennysheep_generic_room_5, uniq_natasha

Skill      XL: |  1  2  3  4 |
---------------+-------------+-----
Crossbows      | 5 6 7 |  7.7
Fighting       | |  2.4
Dodging        | |  2.1
Stealth        | |  0.7

Action                   |  1- 3 |  4- 6 || total
-------------------------+-------+-------++-------
 Fire: Hand crossbow     |   107 |    79 ||   186
Armor: Leather armour    |     4 |     6 ||    10
Dodge: Dodged            |     5 |    14 ||    19

Table legend: (Time is in decaauts)
 A = Elapsed time spent in this place.
 B = Non-inter-level travel time spent in this place.
 C = Inter-level travel time spent in this place.
 D = Time resting spent in this place.
 E = Time spent auto-exploring this place.
 F = Levels seen in this place.
 G = Mean time per level.
                   A        B        C        D        E       F      G
               +--------+--------+--------+--------+--------+-----+--------+
         Total |   2795 |   2762 |     33 |    163 |   2199 |   3 |  931.7 |
       Dungeon |   2795 |   2762 |     33 |    163 |   2199 |   3 |  931.7 |
               +--------+--------+--------+--------+--------+-----+--------+

Top non-repeatable levels by time:
     D:2: 1004 daAuts
     D:1: 931 daAuts
     D:3: 859 daAuts
